 Dungeon Crawl Stone Soup version 0.24-a0-258-gb86c0f735e (webtiles) character file.

Game seed: 1931702318505105563

354 Redear the Covered (level 6, -7/56 HPs)
             Began as a Minotaur Fighter on Apr 19, 2019.
             Mangled by Menkaure (8 damage)
             ... on level 4 of the Dungeon.
             The game lasted 00:04:39 (2465 turns).

Redear the Covered (Minotaur Fighter)               Turns: 2465, Time: 00:04:40

Health: -7/56      AC:  7    Str: 22    XL:     6   Next: 35%
Magic:  5/5        EV:  9    Int:  5    God:
Gold:   185        SH: 14    Dex: 10    Spells: 5/5 levels left

rFire    . . .     SeeInvis .   a - +0 war axe
rCold    . . .     Gourm    .   c - +0 shield
rNeg     . . .     Faith    .   b - +0 scale mail
rPois    +         Spirit   .   (helmet restricted)
rElec    .         Reflect  +   (no cloak)
rCorr    .         Harm     .   (no gloves)
MR       .....                  (no boots)
Stlth    ..........             k - +4 amulet of reflection
HPRegen  0.18/turn              o - ring of poison resistance {rPois}
MPRegen  0.09/turn              (no ring)

@: no status effects
A: retaliatory headbutt, horns 2
a: no special abilities


You were on level 4 of the Dungeon.
You were not hungry.

You visited 1 branch of the dungeon, and saw 4 of its levels.

You collected 185 gold pieces.

Inventory:

Hand Weapons
 a - a +0 war axe (weapon)
Missiles
 Z - 3 throwing nets (quivered) {+f}
Armour
 b - a +0 scale mail (worn)
 c - a +0 shield (worn)
Jewellery
 k - a +4 amulet of reflection (around neck)
 o - a ring of poison resistance (left hand) {rPois}
Wands
 D - a wand of digging (6)
Scrolls
 g - 2 scrolls of amnesia
 h - 2 scrolls of enchant armour
 l - a scroll of random uselessness {unknown}
 m - 2 scrolls of fear
 t - 2 scrolls of noise
 R - 2 scrolls of identify {@r1}
 T - a scroll of teleportation {@r3}
Potions
 d - a potion of might {Str+5 DMG+1d10 | @q3}
 e - 2 potions of cancellation {unknown}
 j - 3 potions of curing {unknown}
 n - a potion of agility {unknown}
 p - a potion of haste {unknown}
 s - 2 potions of degeneration {unknown}
Comestibles
 z - 6 rations


   Skills:
 + Level 5.0 Fighting
 + Level 4.1 Axes
 + Level 5.1 Armour
 + Level 2.9 Dodging
 + Level 5.0 Shields


You had 5 spell levels left.
You didn't know any spells.
Your spell library was empty.

Dungeon Overview and Level Annotations

Branches:
Dungeon (4/15)
 Temple: D:4-7

Altars:
Kikubaaqudgha
Ru

Annotations:
D:4 Menkaure


Innate Abilities, Weirdness & Mutations

You reflexively headbutt those who attack you in melee.
You have a pair of horns on your head.


Message History

Pain shoots through your body!
You take 4 damage, and have 23/56 hp.
You hit Menkaure but do no damage. You headbutt Menkaure.
Menkaure is heavily damaged.
Menkaure completely misses you.
You barely miss Menkaure. Your headbutt misses Menkaure.
Menkaure is heavily damaged.
Menkaure calls on the powers of darkness!
Your body is wracked with pain!
* * * LOW HITPOINT WARNING * * *
You take 10 damage, and have 13/56 hp.
Unknown command.
You slash Menkaure! Your headbutt misses Menkaure.
Menkaure is almost destroyed.
Menkaure points at you and mumbles some strange words.
Pain shoots through your body!
* * * LOW HITPOINT WARNING * * *
A jackal comes into view.
Menkaure hits you!
You die...

#######
.o≈≈≈.. ..
.≈...≈. ## ..#
.≈._.≈. #.#
...# .≈...hZ
#.#
...#..≈MJh.#h#
.(..#######M#
+......@##
##.#)####
#)†.# #.###
#.# #.# #.#
#.# #.#


You could see Menkaure and a jackal.

Vanquished Creatures
  Sigmund (D:3)
  3 gnolls (D:4)
  7 adders
  2 oozes
  An adder skeleton (D:4)
  3 worms
  A dart slug (D:3)
  4 leopard geckos
  8 orcs
  A giant cockroach (D:1)
  7 goblins
  A hobgoblin (D:2)
  9 jackals
  6 kobolds
  6 quokkas
  3 ball pythons
  3 bats (D:2)
  6 frilled lizards
  8 rats
80 creatures vanquished.

Notes
Turn   | Place    | Note
-------+----------+-------------------------------------------
     0 | D:1      | Redear the Minotaur Fighter began the quest for the Orb.
     0 | D:1      | Reached XP level 1. HP: 19/19 MP: 0/0
   461 | D:1      | Reached XP level 2. HP: 27/27 MP: 1/1
   618 | D:1      | You fall through a shaft!
   652 | D:2      | Reached skill level 1 in Dodging
   691 | D:2      | Reached skill level 4 in Fighting
   694 | D:2      | Reached XP level 3. HP: 25/33 MP: 2/2
   767 | D:2      | Reached skill level 4 in Armour
   767 | D:2      | Reached skill level 4 in Shields
   787 | D:2      | Reached skill level 3 in Axes
  1303 | D:2      | Reached XP level 4. HP: 39/40 MP: 3/3
  1642 | D:3      | Noticed Sigmund
  1655 | D:3      | Killed Sigmund
  1655 | D:3      | Reached skill level 2 in Dodging
  1655 | D:3      | Reached XP level 5. HP: 21/47 MP: 4/4
  1742 | D:3      | Found an ancient bone altar of Kikubaaqudgha.
  1755 | D:3      | Reached skill level 4 in Axes
  1755 | D:3      | Reached XP level 6. HP: 31/55 MP: 5/5
  2108 | D:3      | Reached skill level 5 in Fighting
  2123 | D:3      | Reached skill level 5 in Armour
  2209 | D:3      | Found a faded altar of an unknown god.
  2439 | D:4      | Reached skill level 5 in Shields
  2445 | D:4      | Found a sacrificial altar of Ru.
  2445 | D:4      | Noticed Menkaure
  2465 | D:4      | HP: 1/56 [Menkaure/nerve-wracking pain (12)]
  2465 | D:4      | Mangled by Menkaure

Levels and vault maps discovered:
D:1:      scummos_arrival_forest, layout_loops_corners, kennysheep_pointless_box
D:2:      layout_basic
D:3:      layout_rooms, kiku_gazebo_garden_becter, first_ration,
          chequers_ecumenical_altar_lobes, uniq_sigmund
D:4:      layout_basic, nicolae_ru_awakened_eye, uniq_pikel, uniq_natasha,
          uniq_menkaure, uniq_duvessa

Skill      XL: |  1  2  3  4  5  6 |
---------------+-------------------+-----
Dodging        | 1 2 |  2.9
Fighting       | 4 5 |  5.0
Armour         | 4 5 |  5.1
Shields        | 4 5 |  5.0
Axes           | 3 4 |  4.1

Action                   |  1- 3 |  4- 6 || total
-------------------------+-------+-------++-------
Melee: War axe           |    89 |   140 ||   229
       Headbutt          |    14 |    14 ||    28
  Use: Scroll            |       |     8 ||     8
  Eat: Chunk             |     1 |     4 ||     5
Armor: Chain mail        |    50 |    59 ||   109
       Scale mail        |       |     8 ||     8
Dodge: Dodged            |    17 |    47 ||    64
Block: Shield            |    44 |    99 ||   143

Table legend:
 A = Non-vault XP
 B = Vault XP
 C = Vault XP percentage of total XP
 D = Non-vault monster count
 E = Vault monster count
 F = Vault count percentage of total count
                 A         B        C        D         E       F
            +---------+---------+-------+---------+---------+-------
      Total |     283 |     223 |  44.1 |      79 |       1 |   1.2
            +---------+---------+-------+---------+---------+-------
        D:1 |      21 |       0 |   0.0 |      12 |       0 |   0.0
        D:2 |      85 |       0 |   0.0 |      32 |       0 |   0.0
        D:3 |     118 |     223 |  65.4 |      27 |       1 |   3.6
        D:4 |      59 |       0 |   0.0 |       8 |       0 |   0.0
            +---------+---------+-------+---------+---------+-------
